General information
- name: BNet
- type: Ladder team game (AT/RT)
- host: Battle.net
- saver: TALONSAREIMBA
map: FullScaleAssault
- players: 8
- length: 78:00
- speed: Fast
- version: 1.21 W3XP
- replay type: Public
» download(406 KB)
Players
team 1 (loser)
sikaman (
purple | 49 APM | 1943 actions | 40:02)
6 Archmage
3 Summon Water Elemental
2 Brilliance Aura
1 Mass Teleport
6 Paladin
1 Holy Light
3 Devotion Aura
1 Divine Shield
1 Resurrection
5 Dark Ranger
3 Silence
2 Life Drain
» actions
| Assign group hotkey | 5 | |
| Basic commands | 1 | |
| Build / train | 120 | |
| ESC pressed | 1 | |
| Enter build submenu | 36 | |
| Enter hero's abilities submenu | 18 | |
| Give item / drop item | 9 | |
| Remove unit from queue | 2 | |
| Right click | 708 | |
| Select / deselect | 837 | |
| Select group hotkey | 19 | |
| Use ability | 187 | |
1943 total
» units
| Peasant | 15 | |
| Footman | 7 | |
| Goblin Shredder | 1 | |
| Priest | 8 | |
| Gryphon Rider | 6 | |
| Dragonhawk Rider | 12 | |
| Blue Drake | 1 | |
| Goblin Zeppelin | 2 | |
| Sorceress | 1 | |
| Mortar Team | 2 | |
55 total
» upgrades
| Lumber Harvesting | 2 | |
| Masonry | 3 | |
| Priest Training | 2 | |
| Swords | 3 | |
| Armor | 3 | |
| Animal War Training | 1 | |
| Storm Hammers | 1 | |
| Sorceress Training | 3 | |
| Cloud | 1 | |
| Gunpowder | 3 | |
| Plating | 2 | |
| Backpack | 1 | |
25 total
» buildings
| Barracks | 1 | |
| Farm | 25 | |
| Altar of Kings | 1 | |
| Keep | 2 | |
| Lumber Mill | 1 | |
| Town Hall | 9 | |
| Arcane Sanctum | 1 | |
| Castle | 1 | |
| Blacksmith | 2 | |
| Gryphon Aviary | 2 | |
| Scout Tower | 4 | |
| Arcane Vault | 2 | |
| Guard Tower | 2 | |
| Workshop | 2 | |
55 total
» build order
00:10 Barracks
00:16 Farm
00:20 Farm
00:34 Altar of Kings
00:57 Farm
00:58 Farm
00:59 Farm
01:00 Farm
01:02 Farm
01:03 Farm
01:04 Farm
01:05 Farm
01:06 Farm
01:07 Farm
01:08 Farm
01:09 Farm
01:09 Farm
01:10 Farm
01:10 Farm
02:59 Keep
03:00 Keep
03:20 Farm
04:37 Lumber Mill
04:50 Town Hall
05:36 Arcane Sanctum
05:51 Farm
07:01 Farm
07:03 Castle
07:11 Blacksmith
07:14 Gryphon Aviary
07:17 Farm
08:29 Farm
08:40 Farm
08:43 Gryphon Aviary
09:07 Scout Tower
09:26 Arcane Vault
09:51 Farm
10:20 Farm
10:21 Guard Tower
11:46 Blacksmith
13:26 Scout Tower
13:26 Scout Tower
13:27 Scout Tower
15:17 Town Hall
15:20 Town Hall
16:05 Guard Tower
20:44 Town Hall
20:50 Town Hall
30:30 Town Hall
30:37 Town Hall
37:31 Town Hall
37:40 Town Hall
38:25 Workshop
39:28 Workshop
39:52 Arcane Vault
» items
| Orb of Lightning | 1 | |
| Scroll of Town Portal | 7 | |
| Scroll of Speed | 2 | |
10 total
theRevanger (
orange | 66 APM | 2081 actions | 31:20)
7 Tauren Chieftain
3 Shockwave
3 Endurance Aura
1 Reincarnation
1 Shadow Hunter
1 Healing Wave
» actions
| Assign group hotkey | 40 | |
| Basic commands | 184 | |
| Build / train | 78 | |
| ESC pressed | 2 | |
| Enter build submenu | 27 | |
| Enter hero's abilities submenu | 8 | |
| Give item / drop item | 1 | |
| Remove unit from queue | 1 | |
| Right click | 734 | |
| Select / deselect | 401 | |
| Select group hotkey | 484 | |
| Use ability | 121 | |
2081 total
» units
| Peon | 20 | |
| Grunt | 15 | |
| Troll Batrider | 17 | |
52 total
» upgrades
» buildings
| Altar of Storms | 1 | |
| Orc Burrow | 12 | |
| Barracks | 1 | |
| Voodoo Lounge | 1 | |
| Stronghold | 1 | |
| Great Hall | 5 | |
| Beastiary | 2 | |
23 total
» build order
00:09 Altar of Storms
00:23 Orc Burrow
00:38 Barracks
01:20 Orc Burrow
02:47 Voodoo Lounge
03:15 Orc Burrow
06:28 Stronghold
06:34 Great Hall
10:34 Beastiary
10:36 Beastiary
12:35 Orc Burrow
12:39 Orc Burrow
15:56 Orc Burrow
16:25 Orc Burrow
16:30 Orc Burrow
17:30 Great Hall
22:12 Great Hall
26:08 Great Hall
27:01 Orc Burrow
27:58 Great Hall
29:40 Orc Burrow
30:44 Orc Burrow
30:50 Orc Burrow
» items
| Healing Salve | 3 | |
| Lesser Clarity Potion | 3 | |
| Scroll of Speed | 2 | |
| Potion of Mana | 1 | |
| Scroll of Town Portal | 1 | |
10 total
Grover3 (
green | 43 APM | 2230 actions | 51:25)
6 Blademaster
3 Wind Walk
3 Critical Strike
1 Far Seer
1 Far Sight
1 Tauren Chieftain
1 War Stomp
» actions
| Assign group hotkey | 23 | |
| Basic commands | 33 | |
| Build / train | 104 | |
| Enter build submenu | 52 | |
| Enter hero's abilities submenu | 10 | |
| Remove unit from queue | 6 | |
| Right click | 1345 | |
| Select / deselect | 413 | |
| Select group hotkey | 118 | |
| Use ability | 126 | |
2230 total
» units
| Peon | 18 | |
| Shaman | 10 | |
| Troll Witch Doctor | 5 | |
| Tauren | 6 | |
| Demolisher | 5 | |
| Goblin Zeppelin | 2 | |
| Troll Batrider | 9 | |
| Wind Rider | 3 | |
58 total
» upgrades
| Melee Weapons | 3 | |
| Armor | 3 | |
| Spiked Barricades | 2 | |
| Shaman Training | 2 | |
| Witch Doctor Training | 2 | |
| Pulverize | 1 | |
| Reinforced Defenses | 1 | |
| Ranged Weapons | 3 | |
| Burning Oil | 1 | |
| Liquid Fire | 1 | |
19 total
» buildings
| Orc Burrow | 7 | |
| Altar of Storms | 1 | |
| Voodoo Lounge | 1 | |
| War Mill | 4 | |
| Stronghold | 2 | |
| Spirit Lodge | 2 | |
| Fortress | 1 | |
| Watch Tower | 17 | |
| Tauren Totem | 2 | |
| Great Hall | 4 | |
| Barracks | 3 | |
| Beastiary | 2 | |
46 total
» build order
00:11 Orc Burrow
00:21 Altar of Storms
01:10 Voodoo Lounge
02:19 War Mill
02:31 Stronghold
02:56 Orc Burrow
03:53 Orc Burrow
04:54 Spirit Lodge
05:03 Fortress
05:53 Spirit Lodge
06:15 Orc Burrow
07:46 Watch Tower
08:20 Tauren Totem
08:58 Watch Tower
10:27 Watch Tower
11:42 Tauren Totem
12:47 Orc Burrow
15:24 Watch Tower
16:09 Orc Burrow
21:21 Great Hall
22:35 Orc Burrow
25:36 Watch Tower
25:38 Watch Tower
25:41 Watch Tower
25:47 War Mill
25:51 Watch Tower
26:40 Great Hall
29:47 Watch Tower
29:50 Watch Tower
29:56 Watch Tower
32:08 War Mill
35:15 Barracks
35:18 Barracks
37:03 Barracks
42:16 Watch Tower
42:29 Watch Tower
44:13 Stronghold
45:20 Beastiary
45:23 Beastiary
45:30 Great Hall
45:39 Watch Tower
46:10 War Mill
46:47 Great Hall
47:35 Watch Tower
47:37 Watch Tower
50:20 Watch Tower
» items
| Healing Salve | 1 | |
| Lesser Clarity Potion | 2 | |
| Potion of Mana | 1 | |
| Orb of Fire | 1 | |
| Orb of Lightning | 1 | |
| Scroll of Town Portal | 1 | |
| Potion of Healing | 1 | |
8 total
sandy.ro (
teal | 53 APM | 4142 actions | 77:56)
8 Archmage
3 Summon Water Elemental
3 Blizzard
1 Mass Teleport
1 Brilliance Aura
1 Tauren Chieftain
1 War Stomp
2 Blademaster
1 Bladestorm
1 Mirror Image
» actions
| Assign group hotkey | 116 | |
| Basic commands | 433 | |
| Build / train | 267 | |
| Enter build submenu | 38 | |
| Enter hero's abilities submenu | 13 | |
| Give item / drop item | 4 | |
| Remove unit from queue | 5 | |
| Right click | 1264 | |
| Select / deselect | 720 | |
| Select group hotkey | 1189 | |
| Use ability | 93 | |
4142 total
» units
| Peasant | 12 | |
| Rifleman | 5 | |
| Priest | 13 | |
| Goblin Shredder | 1 | |
| Knight | 4 | |
| Siege Engine | 15 | |
| Flying Machine | 70 | |
| Gryphon Rider | 60 | |
| Wind Rider | 37 | |
| Spell Breaker | 1 | |
218 total
» upgrades
| Gunpowder | 3 | |
| Long Rifles | 1 | |
| Lumber Harvesting | 1 | |
| Flare | 0 | |
| Barrage | 1 | |
| Flying Machine Bombs | 1 | |
| Flak Cannons | 1 | |
| Swords | 1 | |
| Plating | 1 | |
| Envenomed Spears | 1 | |
11 total
» buildings
| Altar of Kings | 1 | |
| Farm | 12 | |
| Scout Tower | 4 | |
| Lumber Mill | 1 | |
| Arcane Tower | 4 | |
| Barracks | 1 | |
| Blacksmith | 1 | |
| Keep | 1 | |
| Arcane Sanctum | 1 | |
| Workshop | 3 | |
| Castle | 1 | |
| Town Hall | 3 | |
| Arcane Vault | 1 | |
| Beastiary | 1 | |
| Watch Tower | 2 | |
| Fortress | 1 | |
| Gryphon Aviary | 3 | |
41 total
» build order
00:11 Altar of Kings
00:15 Farm
00:34 Scout Tower
01:05 Lumber Mill
01:12 Arcane Tower
01:56 Barracks
02:02 Farm
02:25 Blacksmith
02:41 Farm
03:00 Keep
03:25 Farm
05:07 Farm
05:50 Farm
05:57 Arcane Sanctum
06:36 Farm
07:35 Workshop
07:39 Workshop
07:47 Farm
08:50 Castle
11:00 Farm
11:54 Farm
15:27 Town Hall
21:09 Arcane Vault
21:25 Scout Tower
21:36 Scout Tower
21:44 Scout Tower
23:24 Arcane Tower
25:57 Arcane Tower
26:56 Arcane Tower
27:41 Farm
34:25 Farm
36:32 Town Hall
37:47 Town Hall
56:05 Beastiary
56:31 Watch Tower
60:53 Watch Tower
62:42 Fortress
70:05 Gryphon Aviary
70:09 Gryphon Aviary
72:07 Workshop
76:13 Gryphon Aviary
» items
| Tome of Retraining | 1 | |
| Periapt of Vitality | 1 | |
| Scroll of Protection | 1 | |
| Scroll of Town Portal | 2 | |
| Potion of Healing | 4 | |
9 total
team 2 (winner)

»
NOOBEATER (
pink | 29 APM | 329 actions | 11:19)
3 Death Knight
2 Death Coil
1 Death Pact
» actions
| Assign group hotkey | 2 | |
| Build / train | 36 | |
| Enter build submenu | 13 | |
| Enter hero's abilities submenu | 3 | |
| Right click | 142 | |
| Select / deselect | 100 | |
| Select group hotkey | 4 | |
| Use ability | 29 | |
329 total
» units
» upgrades
| Unholy Strength | 1 | |
| Unholy Armor | 1 | |
| Cannibalize | 1 | |
| Necromancer Training | 1 | |
| Banshee Training | 1 | |
| Skeletal Longevity | 1 | |
6 total
» buildings
| Altar of Darkness | 1 | |
| Ziggurat | 15 | |
| Crypt | 1 | |
| Tomb of Relics | 1 | |
| Nerubian Tower | 1 | |
| Graveyard | 1 | |
| Spirit Tower | 1 | |
| Halls of the Dead | 1 | |
| Temple of the Damned | 2 | |
| Black Citadel | 2 | |
26 total
» build order
00:23 Altar of Darkness
00:27 Ziggurat
00:35 Crypt
00:54 Ziggurat
01:13 Tomb of Relics
01:38 Nerubian Tower
01:55 Graveyard
02:30 Ziggurat
03:29 Spirit Tower
04:36 Halls of the Dead
07:31 Temple of the Damned
07:34 Temple of the Damned
08:40 Black Citadel
08:40 Black Citadel
10:49 Ziggurat
10:50 Ziggurat
10:51 Ziggurat
10:52 Ziggurat
10:53 Ziggurat
10:59 Ziggurat
11:01 Ziggurat
11:02 Ziggurat
11:03 Ziggurat
11:05 Ziggurat
11:06 Ziggurat
11:07 Ziggurat
» items
| Dust of Appearance | 1 | |
| Rod of Necromancy | 1 | |
2 total
TOWERZ (
yellow | 76 APM | 5921 actions | 77:57)
8 Archmage
3 Summon Water Elemental
3 Brilliance Aura
1 Blizzard
1 Mass Teleport
3 Mountain King
2 Storm Bolt
1 Bash
3 Paladin
2 Holy Light
1 Divine Shield
3 Dreadlord
1 Sleep
2 Carrion Swarm
2 Death Knight
1 Unholy Aura
1 Death Coil
» actions
| Assign group hotkey | 68 | |
| Basic commands | 61 | |
| Build / train | 148 | |
| Enter build submenu | 58 | |
| Enter hero's abilities submenu | 19 | |
| Give item / drop item | 4 | |
| Remove unit from queue | 5 | |
| Right click | 2096 | |
| Select / deselect | 617 | |
| Select group hotkey | 2629 | |
| Use ability | 216 | |
5921 total
» units
| Peasant | 33 | |
| Gryphon Rider | 7 | |
| Dragonhawk Rider | 4 | |
| Acolyte | 10 | |
| Crypt Fiend | 17 | |
71 total
» upgrades
| Masonry | 1 | |
| Lumber Harvesting | 2 | |
| Animal War Training | 1 | |
| Swords | 3 | |
| Armor | 3 | |
| Cloud | 1 | |
| Storm Hammers | 1 | |
| Priest Training | 1 | |
| Web | 1 | |
| Creature Attack | 1 | |
| Burrow | 1 | |
16 total
» buildings
| Altar of Kings | 1 | |
| Lumber Mill | 1 | |
| Farm | 10 | |
| Scout Tower | 3 | |
| Arcane Tower | 2 | |
| Town Hall | 2 | |
| Arcane Vault | 1 | |
| Keep | 1 | |
| Blacksmith | 1 | |
| Guard Tower | 1 | |
| Castle | 1 | |
| Gryphon Aviary | 3 | |
| Barracks | 1 | |
| Arcane Sanctum | 2 | |
| Necropolis | 3 | |
| Ziggurat | 24 | |
| Graveyard | 1 | |
| Nerubian Tower | 4 | |
| Spirit Tower | 3 | |
| Crypt | 1 | |
| Altar of Darkness | 1 | |
| Tomb of Relics | 1 | |
| Halls of the Dead | 1 | |
69 total
» build order
00:05 Altar of Kings
00:21 Lumber Mill
00:37 Farm
00:50 Farm
02:15 Scout Tower
02:44 Arcane Tower
03:19 Town Hall
03:40 Arcane Vault
03:45 Keep
04:01 Scout Tower
04:01 Scout Tower
04:33 Blacksmith
04:45 Arcane Tower
05:13 Guard Tower
06:23 Castle
06:25 Gryphon Aviary
08:09 Gryphon Aviary
08:11 Gryphon Aviary
08:41 Farm
08:42 Farm
08:56 Barracks
09:19 Farm
10:33 Farm
10:34 Farm
11:03 Farm
11:04 Farm
12:07 Farm
15:47 Arcane Sanctum
15:49 Arcane Sanctum
20:27 Town Hall
60:09 Necropolis
60:12 Ziggurat
60:15 Ziggurat
60:15 Ziggurat
60:17 Ziggurat
60:23 Ziggurat
60:27 Ziggurat
60:29 Ziggurat
60:33 Ziggurat
60:34 Ziggurat
60:36 Ziggurat
60:38 Ziggurat
60:40 Ziggurat
60:41 Graveyard
61:11 Nerubian Tower
61:12 Nerubian Tower
61:21 Necropolis
61:24 Nerubian Tower
61:29 Nerubian Tower
62:11 Spirit Tower
62:42 Crypt
62:44 Altar of Darkness
63:27 Necropolis
63:57 Tomb of Relics
64:53 Halls of the Dead
65:31 Ziggurat
65:32 Ziggurat
65:33 Ziggurat
76:51 Ziggurat
76:53 Ziggurat
76:53 Ziggurat
76:56 Ziggurat
76:58 Ziggurat
76:59 Ziggurat
77:00 Ziggurat
77:18 Ziggurat
77:20 Ziggurat
77:49 Spirit Tower
77:55 Spirit Tower
» items
| Staff of Sanctuary | 2 | |
| Potion of Healing | 1 | |
| Scroll of Regeneration | 1 | |
| Scroll of Town Portal | 4 | |
| Tome of Retraining | 1 | |
| Staff of Teleportation | 1 | |
10 total
TALONSAREIMBA (
red | 69 APM | 5374 actions | 78:00)
9 Death Knight
3 Death Coil
3 Unholy Aura
1 Animate Dead
2 Death Pact
7 Lich
3 Frost Nova
3 Dark Ritual
1 Death and Decay
8 Dreadlord
3 Sleep
3 Carrion Swarm
1 Inferno
1 Vampiric Aura
» actions
| Assign group hotkey | 30 | |
| Basic commands | 349 | |
| Build / train | 148 | |
| ESC pressed | 13 | |
| Enter build submenu | 89 | |
| Enter hero's abilities submenu | 26 | |
| Give item / drop item | 2 | |
| Right click | 2564 | |
| Select / deselect | 1472 | |
| Select group hotkey | 288 | |
| Use ability | 393 | |
5374 total
» units
| Acolyte | 30 | |
| Ghoul | 2 | |
| Crypt Fiend | 15 | |
| Goblin Shredder | 1 | |
| Goblin Zeppelin | 8 | |
| Frost Wyrm | 5 | |
| Chimaera | 13 | |
| Obsidian Statue | 5 | |
| Goblin Sapper | 3 | |
82 total
» upgrades
| Web | 1 | |
| Creature Attack | 3 | |
| Creature Carapace | 3 | |
| Destroyer Form | 1 | |
| Corrosive Breath | 1 | |
| Freezing Breath | 1 | |
| Burrow | 1 | |
11 total
» buildings
| Graveyard | 3 | |
| Crypt | 3 | |
| Ziggurat | 44 | |
| Altar of Darkness | 2 | |
| Tomb of Relics | 2 | |
| Halls of the Dead | 2 | |
| Black Citadel | 1 | |
| Spirit Tower | 6 | |
| Sacrificial Pit | 1 | |
| Boneyard | 2 | |
| Slaughterhouse | 2 | |
| Moon Well | 2 | |
| Necropolis | 3 | |
| Nerubian Tower | 1 | |
| Temple of the Damned | 1 | |
75 total
» build order
00:07 Graveyard
00:19 Crypt
00:39 Ziggurat
01:03 Altar of Darkness
01:33 Tomb of Relics
02:03 Ziggurat
02:40 Ziggurat
05:28 Halls of the Dead
06:19 Ziggurat
06:20 Ziggurat
06:21 Ziggurat
08:11 Black Citadel
08:24 Spirit Tower
10:35 Sacrificial Pit
11:44 Boneyard
11:48 Boneyard
13:15 Slaughterhouse
13:22 Ziggurat
13:43 Spirit Tower
16:53 Moon Well
16:54 Moon Well
18:14 Ziggurat
18:16 Ziggurat
18:18 Ziggurat
18:19 Ziggurat
18:20 Ziggurat
18:22 Ziggurat
19:10 Ziggurat
19:15 Spirit Tower
22:01 Ziggurat
22:03 Ziggurat
22:07 Necropolis
24:04 Nerubian Tower
25:26 Graveyard
25:35 Ziggurat
25:36 Ziggurat
25:38 Ziggurat
25:40 Ziggurat
25:42 Ziggurat
25:47 Ziggurat
25:48 Ziggurat
25:49 Ziggurat
29:13 Spirit Tower
29:22 Halls of the Dead
29:37 Tomb of Relics
29:59 Ziggurat
30:10 Ziggurat
30:13 Ziggurat
30:30 Ziggurat
30:37 Ziggurat
30:43 Ziggurat
30:47 Ziggurat
31:00 Ziggurat
31:02 Ziggurat
32:30 Spirit Tower
34:39 Altar of Darkness
44:33 Ziggurat
44:43 Ziggurat
45:00 Ziggurat
46:33 Slaughterhouse
47:38 Ziggurat
47:44 Temple of the Damned
47:46 Crypt
48:28 Ziggurat
48:34 Ziggurat
49:37 Graveyard
49:54 Ziggurat
49:55 Ziggurat
49:57 Ziggurat
49:58 Ziggurat
50:00 Ziggurat
57:57 Spirit Tower
64:02 Necropolis
72:31 Necropolis
77:56 Crypt
» items
| Rod of Necromancy | 1 | |
| Orb of Corruption | 1 | |
| Scroll of Healing | 2 | |
| Potion of Healing | 1 | |
| Potion of Mana | 4 | |
| Scroll of Town Portal | 7 | |
| Dust of Appearance | 1 | |
17 total
Kaos-Night (
blue | 27 APM | 299 actions | 11:07)
2 Dark Ranger
1 Black Arrow
1 Life Drain
1 Pit Lord
1 Rain of Fire
» actions
| Basic commands | 4 | |
| Build / train | 25 | |
| Enter build submenu | 17 | |
| Enter hero's abilities submenu | 3 | |
| Right click | 83 | |
| Select / deselect | 140 | |
| Use ability | 27 | |
299 total
» units
| Wisp | 12 | |
| Archer | 2 | |
| Huntress | 3 | |
| Faerie Dragon | 1 | |
18 total
» buildings
| Altar of Elders | 1 | |
| Moon Well | 9 | |
| Ancient of War | 1 | |
| Hunter's Hall | 1 | |
| Tree of Ages | 1 | |
| Ancient of Wonders | 1 | |
| Tree of Eternity | 1 | |
| Ancient of Wind | 1 | |
| Chimaera Roost | 2 | |
18 total
» build order
00:07 Altar of Elders
00:11 Moon Well
00:18 Ancient of War
02:16 Moon Well
03:19 Moon Well
04:40 Moon Well
04:46 Hunter's Hall
04:47 Tree of Ages
04:53 Ancient of Wonders
05:49 Moon Well
06:36 Moon Well
06:46 Moon Well
07:11 Tree of Eternity
07:39 Ancient of Wind
07:44 Moon Well
08:59 Moon Well
10:01 Chimaera Roost
10:10 Chimaera Roost
Chat log
(00:07 / All) TOWERZ: WOOT
(00:11 / All) TOWERZ: WE GET THE EMO AZN
(00:14 / All) TALONSAREIMBA: who r u
(00:15 / All) TOWERZ: GG FUCKERS
(00:19 / All) TOWERZ: YOUR MOM LOL
(00:23 / All) TALONSAREIMBA: wgdf?
(00:27 / All) TOWERZ: REPRESENT
(00:31 / All) TALONSAREIMBA: aka?
(00:35 / All) TOWERZ: YOUR MOM
(00:41 / All) TALONSAREIMBA: no rly
(00:41 / Allies) NOOBEATER: wow guys
(00:43 / All) TALONSAREIMBA: I'd like to know
(00:47 / All) TALONSAREIMBA: who I'm rting with
(00:56 / All) TALONSAREIMBA: iraq?
(00:57 / All) TOWERZ: DON'T MAKE ME SAY YOUR MOM AGAIN
(01:00 / All) TOWERZ: I WISH
(01:07 / All) TALONSAREIMBA: refleks?
(01:11 / All) TALONSAREIMBA: We;re not fighting
(01:18 / All) TOWERZ: WE'RE HAVING SEX
(01:19 / Allies) NOOBEATER: idk what ur doing but still
(01:24 / All) TALONSAREIMBA: its refleks isn't it
(01:26 / Allies) NOOBEATER: sex hmm
(01:30 / All) theRevanger: can u just be quite
(01:31 / All) TOWERZ: OK
(01:46 / Allies) Kaos-Night: ..
(01:53 / Allies) Kaos-Night: archers to chims
(02:17 / Allies) TALONSAREIMBA: stupidus?
(02:24 / All) TOWERZ: NO
(02:28 / Allies) TALONSAREIMBA: jeff?
(02:46 / Allies) NOOBEATER: yeah?
(02:59 / Allies) NOOBEATER: so whats everyone getting for units
(03:04 / All) TOWERZ: TOWERS
(03:05 / Allies) Kaos-Night: archers to chims
(03:10 / Allies) NOOBEATER: red?
(03:16 / All) TOWERZ: FIEND FROST
(03:18 / Allies) NOOBEATER: k
(04:14 / Allies) TALONSAREIMBA: 4 peon hall build
(04:55 / Allies) Kaos-Night: yelow
(05:02 / All) TOWERZ: WOT
(05:10 / Allies) Kaos-Night: where are ur towers?
(05:23 / All) TOWERZ: THERES LIKE 2 THERE
(05:23 / Allies) Kaos-Night: wow
(05:24 / All) TOWERZ: AND LIKE
(05:27 / All) TOWERZ: ONE AT MY MAIN
(05:32 / All) TOWERZ: THAT GOOD ENOUGH FOR YOU
(05:38 / Allies) Kaos-Night: ur supposed to tower a place
(05:40 / All) TOWERZ: CAN I LEECH EXP
(05:43 / All) Kaos-Night: yellows a noob
(05:49 / All) TOWERZ: BECAUSE ITS NOT LIKE UD HEROES ARE ANY GOOD
(06:13 / Allies) TALONSAREIMBA: repair tt
(06:33 / Allies) TALONSAREIMBA: come with
(06:34 / Allies) TALONSAREIMBA: stuff
(06:36 / All) TOWERZ: I BLAME THAT ON YOU
(06:49 / All) TOWERZ: UD IN TEAM GAMES
(06:52 / All) TOWERZ: SRS BUSINESS
(07:46 / All) TALONSAREIMBA: oh gee
(07:49 / All) TALONSAREIMBA: Im losin fiends lefty and right
(07:53 / All) TOWERZ: RUN MOTHER FUCKER
(07:55 / All) TOWERZ: YOU CAN RUN
(07:58 / All) TOWERZ: BUT YOU CANT GLIDE
(08:18 / All) TALONSAREIMBA: oj somehow lost 500 grunts
(08:27 / Allies) TALONSAREIMBA: wood?
(08:28 / All) TOWERZ: YOU CAN'T RUN FROM IMBA BOLT
(08:42 / Allies) TALONSAREIMBA: going to get the shredder
(08:44 / Allies) TALONSAREIMBA: for imba
(09:28 / Allies) TALONSAREIMBA: hes back sir
(09:37 / All) TALONSAREIMBA: oj you dont learn
(10:05 / All) TOWERZ: LOL
(10:15 / All) TALONSAREIMBA: what a noobelf
(10:21 / All) TOWERZ: QFT
(10:25 / All) NOOBEATER: mes comutado is puta me leavo !!!!!
(10:26 / All) Kaos-Night: omg
(10:44 / Allies) TALONSAREIMBA: scout expos
(10:44 / Allies) TALONSAREIMBA: ss
(10:45 / Allies) TALONSAREIMBA: s
(10:45 / Allies) TALONSAREIMBA: s
(10:48 / Allies) TALONSAREIMBA: 3
(10:53 / Allies) Kaos-Night: gj yellow
(11:07 / All) NOOBEATER: bye bye my love
(11:24 / All) TOWERZ: LOL
(11:28 / Allies) TALONSAREIMBA: WE STILL WIN
(11:28 / Allies) TALONSAREIMBA: LOL
(11:32 / All) TOWERZ: MOTHER FUCKER
(12:16 / Allies) TALONSAREIMBA: WE COULD LOSE
(12:43 / All) TALONSAREIMBA: FREE SH
(12:45 / All) TOWERZ: LOL
(12:48 / All) TOWERZ: UD IN TEAM GAMES
(12:50 / All) TOWERZ: SRS BUSINESS
(13:11 / All) TALONSAREIMBA: look they're pushing pink
(13:35 / All) TOWERZ: LMAO PROTOCOL
(13:36 / Allies) TALONSAREIMBA: I could so rape that
(13:37 / Allies) TALONSAREIMBA: not
(13:46 / All) TOWERZ: YOU COULD IF YOU HAD AN OUNCE OF MICRO
(14:08 / All) TALONSAREIMBA: Im microing
(14:37 / All) TOWERZ: LOL
(14:40 / All) TOWERZ: TP WITH 3 GRUNTS
(14:41 / All) TOWERZ: PRO
(14:55 / All) Grover3: fawker
(14:59 / All) TALONSAREIMBA: green you suck
(15:00 / All) TALONSAREIMBA: tt
(15:09 / All) Grover3: YET YOU RAN
(15:18 / All) TALONSAREIMBA: I killed 2 tauren
(15:19 / All) TALONSAREIMBA: tt
(15:34 / All) Grover3: woah, no shit, than ran like a bitch
(15:46 / All) Grover3: only had 3 heroes to do it, not bad
(15:47 / All) TALONSAREIMBA: clearly you know how to play
(16:44 / Allies) TALONSAREIMBA: MAKE GROUND
(16:45 / Allies) TALONSAREIMBA: WITH BLOO
(17:04 / All) TALONSAREIMBA: WOAH WOAH WOAH
(17:32 / All) TOWERZ: MORE GOLD IS REQUIRED
(17:59 / All) TALONSAREIMBA: wHAT AN IDIOT
(18:32 / All) TALONSAREIMBA: atleast they can micro
(18:33 / All) TALONSAREIMBA: oh wait
(18:37 / All) TOWERZ: LOL
(18:40 / All) TOWERZ: ITS FUNNY CAUSE ITS TRUE
(19:27 / Allies) TALONSAREIMBA: where r his burros?!
(19:31 / All) TOWERZ: OMG LOL
(19:41 / All) TALONSAREIMBA: tp to this
(19:53 / All) TALONSAREIMBA: oh no
(20:01 / Allies) TALONSAREIMBA: wheres my tp
(20:04 / All) TOWERZ: BATS VS 3 ARMOR UPGRADED GRYPHS
(20:06 / All) TOWERZ: ALWAYS A GOOD IDEA
(20:13 / All) TOWERZ: LOL
(20:13 / All) theRevanger: stfu
(20:17 / All) theRevanger: I was 1 vs 2
(20:18 / All) TOWERZ: FUCKING HELL TALONS
(20:20 / All) TOWERZ: NOT AGAIN
(20:23 / All) TALONSAREIMBA: wheres my tp
(20:24 / Allies) TALONSAREIMBA: wtf
(20:25 / All) theRevanger: if green is any better
(20:30 / All) TALONSAREIMBA: OH NO
(20:42 / All) theRevanger: ur expand will not last 1 sec
(20:52 / All) TALONSAREIMBA: I SWEAR TO GOD I HAD A TP
(20:56 / All) TOWERZ: I THINK I ANGERED THEM
(21:13 / Allies) TALONSAREIMBA: WOAH HEROES ARE EXPENSIVE
(21:33 / All) TOWERZ: I WOULD'VE THOUGHT YOU WERE USED TO REVIVING THEM BY NOW TALONS
(21:39 / Allies) TALONSAREIMBA: we gotta outplay em
(21:41 / Allies) TALONSAREIMBA: smash bases with chims
(21:47 / All) TOWERZ: OH WAIT
(21:53 / All) TOWERZ: IS THAT THIRD GUY STILL THERE?
(21:57 / Allies) TALONSAREIMBA: hot keyed chims
(22:20 / Allies) TALONSAREIMBA: uh oh
(22:22 / Allies) TALONSAREIMBA: they're pushing
(23:00 / All) TOWERZ: LOL
(23:01 / All) TOWERZ: MY BAD
(23:13 / All) theRevanger: haha
(23:14 / All) theRevanger: yellow
(23:16 / All) theRevanger: eat shit
(23:25 / All) TALONSAREIMBA: tp teal
(23:47 / All) TOWERZ: WELL THERE GOES A GOOD 60 FOOD OF CHIMS
(23:49 / All) TALONSAREIMBA: uh oh
(23:51 / All) TOWERZ: AND NO DEAD CASTLE
(23:52 / All) TOWERZ: MAN
(23:59 / All) TOWERZ: THIS HAS BEEN ONE PALMFACE GAME I MUST ADMIT
(24:09 / Allies) TALONSAREIMBA: IF PINK
(24:12 / Allies) TALONSAREIMBA: WOULD OF MASSED FROSTIES
(25:40 / Allies) TALONSAREIMBA: LOL
(25:58 / Allies) TALONSAREIMBA: THIS WILL B EPIC
(26:14 / All) TOWERZ: EPIC FAIL
(26:32 / All) TOWERZ: I MISS MY MK
(27:07 / All) Grover3: help
(28:46 / Allies) TALONSAREIMBA: QUICK TAVERN BACK HEROES
(28:52 / All) TOWERZ: NO CASH
(29:20 / All) TOWERZ: THE BM WANTS TO EAT ME?
(29:24 / All) theRevanger: die
(30:00 / All) theRevanger: green
(30:48 / All) TOWERZ: GOOD PLAN
(30:53 / Allies) TALONSAREIMBA: IN DEED
(30:55 / All) TOWERZ: MAKE THEM WORK FOR IT
(31:20 / All) TOWERZ: GG CDKEYS
(31:25 / All) TOWERZ: BUT
(31:28 / All) TOWERZ: WE MADE ONE GUY DROP
(31:30 / All) TOWERZ: THEREFORE
(31:33 / All) TOWERZ: IT HAS ALL BEEN WORTH IT
(31:49 / All) TALONSAREIMBA: raped
(32:04 / All) TOWERZ: OH COME ON
(32:05 / All) TALONSAREIMBA: fucking luck
(32:33 / All) TOWERZ: I NEED 1 GOLD
(32:40 / All) TOWERZ: SERIOUSLY
(32:43 / All) TOWERZ: 1 GOLD
(32:59 / All) TALONSAREIMBA: wow teal is pro
(33:55 / All) TOWERZ: DIE MOTHER FUCKERS
(34:14 / Allies) TALONSAREIMBA: honestly
(34:55 / Allies) TALONSAREIMBA: NEED A ZEP
(34:56 / All) TOWERZ: PURGE ORB IS BULLSHIT
(35:05 / All) TOWERZ: OWNED THAT PRIEST
(35:21 / Allies) TALONSAREIMBA: watch this
(35:39 / All) TALONSAREIMBA: LOL
(35:41 / All) TOWERZ: LOL
(35:54 / Allies) TALONSAREIMBA: if my sappers
(35:56 / Allies) TALONSAREIMBA: all exploded
(35:58 / Allies) TALONSAREIMBA: that would of been epic
(36:11 / All) TOWERZ: HEY I GOT MASS TP
(36:18 / All) TOWERZ: BUT NOTHING TO TP TO GG
(36:25 / Allies) TALONSAREIMBA: lol
(36:27 / Allies) TALONSAREIMBA: he runs his tank
(36:34 / All) TALONSAREIMBA: what an idiot
(36:38 / All) TALONSAREIMBA: if he had just repaired
(36:42 / All) TOWERZ: ONLY NOOBS MICRO
(36:49 / All) TOWERZ: COME SUICIDE INTO TOWERS
(36:52 / All) TOWERZ: <
(37:01 / All) TALONSAREIMBA: LOL
(37:04 / All) TOWERZ: LIKE TEAL IS RIGHT NOW
(37:06 / All) TOWERZ: NICE WORK TEAL
(37:36 / All) TOWERZ: SHALL WE JUST AFK FOR 20?
(37:44 / Allies) TALONSAREIMBA: we can win
(37:53 / Allies) TALONSAREIMBA: I will use my proto savvy
(37:58 / All) TOWERZ: YEAH YOU DO THAT
(38:00 / All) TOWERZ: I MEAN
(38:06 / Allies) TOWERZ: PROTO'S GOOD AND ALL
(38:09 / Allies) TOWERZ: BUT IT'S NOT THAT GOOD
(38:18 / Allies) TALONSAREIMBA: w elost
(38:21 / Allies) TALONSAREIMBA: because I forgot to carrys a tp
(38:30 / Allies) TOWERZ: FIRST RULE OF PROTO
(38:34 / Allies) TOWERZ: AND LMAO TALONS
(38:36 / All) TALONSAREIMBA: oh give me a break
(38:38 / Allies) TOWERZ: CAN'T YOU DO ANYTHING RIGHT
(38:55 / All) TALONSAREIMBA: oh shit cloud
(39:11 / All) TOWERZ: LOL
(39:13 / All) TOWERZ: CATA'S
(39:34 / All) TOWERZ: HERE COMES THE HERO AGAIN
(39:36 / All) TOWERZ: OH NOPE
(39:44 / Allies) TALONSAREIMBA: there is hope
(39:54 / All) TOWERZ: MOVE YOUR FAT DK
(40:02 / All) TOWERZ: D
(40:05 / Allies) TOWERZ: '
(40:07 / All) TOWERZ: LMAO
(41:00 / All) TALONSAREIMBA: lol qq
(41:57 / All) TALONSAREIMBA: put those micro gloves on
(42:03 / All) TOWERZ: SEEMS LIKE THE ONES WITH MICRO HAVE DROPPED
(42:08 / All) TOWERZ: COMMENCE OPERATION NOOB STOMP
(42:27 / Allies) TALONSAREIMBA: expo now
(42:30 / Allies) TALONSAREIMBA: get me a zep
(42:33 / Allies) TOWERZ: NO PEONS
(42:40 / Allies) TALONSAREIMBA: wtf
(42:41 / Allies) TALONSAREIMBA: lol
(42:58 / Allies) TALONSAREIMBA: how much gold you got
(43:01 / Allies) TOWERZ: 99
(43:19 / Allies) TALONSAREIMBA: Im taking all the ledges
(43:22 / Allies) TALONSAREIMBA: should be eazy
(43:25 / All) TALONSAREIMBA: lol holy shit
(43:39 / All) TOWERZ: COME BATTA BATTA BATTA BATTA BATTA
(43:44 / All) TOWERZ: ROFL
(43:48 / All) TALONSAREIMBA: LOL
(43:49 / All) TOWERZ: THE BM GOT LEFT BEHIND
(43:50 / All) TOWERZ: ROFL
(43:55 / All) Grover3: that was ass
(44:07 / All) TOWERZ: THIS GAME HAS BEEN MANY LULZ
(44:09 / Allies) TALONSAREIMBA: gold me
(44:10 / Allies) TALONSAREIMBA: wood
(44:11 / Allies) TALONSAREIMBA: nvm
(44:24 / Allies) TALONSAREIMBA: this game is in the bag
(44:38 / All) TALONSAREIMBA: hey look bats
(44:50 / All) TOWERZ: LOL
(44:52 / All) TOWERZ: DON'T YOU LEARN
(45:08 / Allies) TALONSAREIMBA: GG
(45:12 / All) TOWERZ: LOL
(45:16 / Allies) TALONSAREIMBA: ALL MINE
(45:17 / All) TOWERZ: YOU GUYS SHOULD JUST LEAVE NOW
(45:37 / All) TALONSAREIMBA: proto wins again
(46:00 / All) TOWERZ: BZRK AZEROTHS #1 PROTO CLAN
(46:06 / All) TOWERZ: OR WAS THAT STNE
(46:08 / Allies) TALONSAREIMBA: if I get lvl6 dl
(46:09 / All) TOWERZ: IT KEEPS CHANGING
(46:12 / Allies) TALONSAREIMBA: all hell breaks loose
(46:14 / All) TOWERZ: G_G
(46:28 / All) TOWERZ: MAYBE YOU SHOULD TRY AND KEEP YOUR HEROES ALIVE FOR ONCE TALONS EH?
(46:36 / All) TOWERZ: ALTHOUGH I CAN'T TALK
(46:41 / Allies) TALONSAREIMBA: lol
(46:50 / All) TOWERZ: HERE COMES THE HERO
(47:13 / All) TALONSAREIMBA: I dont get exp
(47:15 / All) TALONSAREIMBA: sadly
(47:31 / All) TOWERZ: ROFL
(47:54 / All) TALONSAREIMBA: wow wtf
(48:16 / All) TALONSAREIMBA: free hall
(48:44 / Allies) TALONSAREIMBA: LOL
(48:55 / Allies) TALONSAREIMBA: free fs
(49:09 / All) TOWERZ: WTF TEAL
(49:12 / All) TOWERZ: ARE YOU A COMPLETE MORON
(49:20 / All) TALONSAREIMBA: holy shit lvl6 lich
(50:06 / Allies) TALONSAREIMBA: L-O-L
(50:43 / Allies) TALONSAREIMBA: wyverns?
(50:49 / All) TOWERZ: WYBARNS
(50:53 / Allies) TALONSAREIMBA: mortS?
(51:00 / Allies) TALONSAREIMBA: what do I do with this 3k gold
(51:21 / All) Grover3: teal is a fawking idiot, i am done
(51:26 / Allies) TALONSAREIMBA: save those wtf
(51:31 / Allies) TALONSAREIMBA: x_
(51:33 / Allies) TALONSAREIMBA: x_x
(51:36 / Allies) TOWERZ: WTF I WASN'T INCHARGE OF THE CHIMS
(51:45 / Allies) TOWERZ: SO ITS JUST US
(51:46 / Allies) TOWERZ: AND TEAL
(51:48 / Allies) TOWERZ: LOL IN THE BAG
(51:56 / Allies) TALONSAREIMBA: we need the ledges
(52:33 / All) TOWERZ: OMG
(53:10 / Allies) TALONSAREIMBA: uh oh
(53:23 / Allies) TALONSAREIMBA: bring me a fucking
(53:27 / Allies) TOWERZ: JUST CARRION NOVA SOME SHIT
(54:06 / All) TOWERZ: LOL DREADLORD
(54:19 / Allies) TALONSAREIMBA: BRING ME
(54:30 / All) TOWERZ: I HAVE NOTHING TO BRING
(54:54 / All) TALONSAREIMBA: RAPED
(55:02 / All) TOWERZ: OWNED
(55:09 / All) TALONSAREIMBA: INSANE MICRO BY TALONSAREIMBA
(55:16 / All) TOWERZ: YEAH
(55:28 / All) TOWERZ: MANAGING TO COIL AND COIL AND COIL AND COIL AND COIL THE DREADLORD
(55:31 / All) TOWERZ: 10/10
(55:38 / All) TALONSAREIMBA: and then the zeppelin save
(55:40 / All) TALONSAREIMBA: fucking epic
(55:47 / Allies) TOWERZ: HIT AND RUN WITH COIL NOVA CARRION
(55:52 / Allies) TOWERZ: THATS HOW YOU PLAY UD MAN
(55:57 / Allies) TALONSAREIMBA: cant do that to
(55:58 / Allies) TALONSAREIMBA: gyro
(56:01 / Allies) TALONSAREIMBA: and that pissed me off
(56:03 / Allies) TOWERZ: GRYPHS
(56:07 / Allies) TOWERZ: FORGET THE GYRO
(56:11 / Allies) TOWERZ: THEY DO LIKE 2 DAMAGE
(56:18 / Allies) TALONSAREIMBA: if I get those fiends
(56:18 / Allies) TALONSAREIMBA: gg
(56:35 / Allies) TALONSAREIMBA: the bag
(56:52 / Allies) TALONSAREIMBA: use it
(56:52 / Allies) TOWERZ: I TAKE OWNERSHIP OF THIS CHIM
(57:16 / Allies) TALONSAREIMBA: I need another expo
(57:25 / Allies) TOWERZ: THEY MUST HAVE LIKE 50K EACH BY NOW
(57:33 / Allies) TALONSAREIMBA: they're losing everything
(57:37 / Allies) TOWERZ: YA
(57:54 / Allies) TALONSAREIMBA: Im bustin nuts
(57:54 / Allies) TOWERZ: GOT A TP THIS TIME
(57:56 / Allies) TOWERZ: LOL
(58:13 / Allies) TALONSAREIMBA: I cant
(58:15 / Allies) TALONSAREIMBA: 350 gold is too much
(58:18 / Allies) TALONSAREIMBA: in this situation
(58:28 / Allies) TOWERZ: SO IS LOSING ALL YOUR ARMY
(58:34 / Allies) TALONSAREIMBA: and I cant
(58:35 / Allies) TALONSAREIMBA: even tower
(58:44 / Allies) TALONSAREIMBA: my other island
(58:51 / Allies) TALONSAREIMBA: raped
(58:56 / All) TOWERZ: LOL
(59:01 / All) TOWERZ: MY ONLY UNIT :(
(59:12 / All) TOWERZ: OMG
(59:12 / Allies) TALONSAREIMBA: I need to get there
(59:18 / Allies) TALONSAREIMBA: USE IT
(59:18 / All) TOWERZ: LOL
(59:19 / Allies) TALONSAREIMBA: LOL
(59:21 / All) TOWERZ: FUCK YES
(59:27 / Allies) TALONSAREIMBA: MASS FIENDS
(59:46 / Allies) TALONSAREIMBA: wow
(60:00 / Allies) TALONSAREIMBA: we win
(60:15 / All) TALONSAREIMBA: Wow target my zep more
(60:26 / Allies) TALONSAREIMBA: hide the aco
(60:48 / Allies) TALONSAREIMBA: no tp
(60:49 / Allies) TALONSAREIMBA: gg
(61:28 / Allies) TALONSAREIMBA: wtf
(61:36 / Allies) TALONSAREIMBA: what an idiot
(61:40 / All) TOWERZ: LOL
(61:52 / Allies) TALONSAREIMBA: he has no gold left
(61:53 / Allies) TALONSAREIMBA: for sure
(61:56 / Allies) TALONSAREIMBA: that likes 5000000k
(62:09 / Allies) TALONSAREIMBA: hide the aco
(62:12 / Allies) TALONSAREIMBA: make more
(62:16 / Allies) TALONSAREIMBA: i got 1 aco left
(62:31 / Allies) TALONSAREIMBA: I got that
(62:33 / Allies) TOWERZ: PEONS THERE
(62:37 / Allies) TOWERZ: SAME THERE
(62:51 / Allies) TALONSAREIMBA: this guy has idle units
(62:53 / Allies) TALONSAREIMBA: everywhere
(63:02 / Allies) TOWERZ: PUNCH THEM IN THE THROAT
(63:11 / All) TALONSAREIMBA: wait smerb?
(63:17 / Allies) TOWERZ: OH HELL NO
(63:22 / Allies) TALONSAREIMBA: take
(63:24 / Allies) TOWERZ: GIB WOOD
(63:42 / Allies) TALONSAREIMBA: wow
(63:47 / Allies) TALONSAREIMBA: you used that much gold already
(63:54 / Allies) TOWERZ: I NEEDED TOWERS
(64:19 / Allies) TALONSAREIMBA: he ha smore
(64:21 / Allies) TALONSAREIMBA: oh god
(64:28 / Allies) TALONSAREIMBA: wow this is a good expo
(64:31 / Allies) TALONSAREIMBA: 11k left
(64:49 / Allies) TALONSAREIMBA: no web
(64:50 / Allies) TALONSAREIMBA: tech to t2
(64:58 / Allies) TALONSAREIMBA: lol
(65:02 / Allies) TOWERZ: LMAO
(65:05 / Allies) TOWERZ: THAT GUY IS KEEN
(65:13 / Allies) TALONSAREIMBA: oh thats bad
(65:17 / Allies) TOWERZ: LUMBAR
(65:40 / Allies) TOWERZ: WTF
(65:46 / Allies) TOWERZ: THIS GUY WENT COIL/PACT
(65:52 / Allies) TALONSAREIMBA: its fine
(66:02 / Allies) TALONSAREIMBA: no goldie
(66:40 / Allies) TALONSAREIMBA: we're fine
(67:17 / Allies) TALONSAREIMBA: the game winning expo
(67:21 / Allies) TALONSAREIMBA: web now
(67:23 / Allies) TOWERZ: TAKE IT
(67:29 / Allies) TALONSAREIMBA: we cant
(67:32 / Allies) TALONSAREIMBA: not now atleast
(67:37 / Allies) TALONSAREIMBA: gg
(67:41 / Allies) TALONSAREIMBA: if he loses all his griffs
(68:01 / All) TALONSAREIMBA: feed me more
(68:28 / Allies) TALONSAREIMBA: now for the hall
(69:08 / Allies) TALONSAREIMBA: can we take em?
(69:11 / Allies) TALONSAREIMBA: no
(69:17 / Allies) TALONSAREIMBA: expo
(69:17 / Allies) TALONSAREIMBA: nowo
(69:21 / Allies) TALONSAREIMBA: ledges whatever
(69:42 / Allies) TALONSAREIMBA: oh jesus
(69:44 / Allies) TOWERZ: only 1.5k
(69:46 / Allies) TOWERZ: left
(69:50 / Allies) TALONSAREIMBA: walk acos there
(70:00 / Allies) TALONSAREIMBA: keep fiending
(70:21 / All) TALONSAREIMBA: you want to win?
(70:22 / All) TALONSAREIMBA: alt f4
(70:24 / Allies) TOWERZ: spam aoe plz
(70:35 / Allies) TALONSAREIMBA: GOGO
(71:40 / All) TOWERZ: LMAO
(71:54 / All) TALONSAREIMBA: WOWZA
(71:56 / All) TALONSAREIMBA: HOW MUCH GOLD WAS THAT
(71:59 / All) TOWERZ: 100 FOOD OF GRYPHONS DEAD
(72:02 / All) TOWERZ: WANNA GO AGAIN>?
(72:12 / All) TALONSAREIMBA: dude this guy has been wasting all this gold
(72:23 / Allies) TOWERZ: LETS GO WIN
(72:29 / Allies) TALONSAREIMBA: gg
(72:33 / Allies) TOWERZ: gg
(72:36 / All) TOWERZ: EPIC GAME
(72:44 / Allies) TOWERZ: ?
(72:48 / Allies) TALONSAREIMBA: workshop
(73:54 / All) TALONSAREIMBA: outmicroed
(76:18 / All) TALONSAREIMBA: wow
(76:19 / All) TALONSAREIMBA: you suck
(76:37 / All) TOWERZ: REALLY SUCK
(76:40 / Allies) TALONSAREIMBA: gg
(76:44 / Allies) TALONSAREIMBA: tower it
(77:22 / All) TOWERZ: JUST LEAVE
(77:23 / All) TOWERZ: SERIOUSLY
(77:30 / All) TALONSAREIMBA: uninstall
(77:33 / All) TALONSAREIMBA: lol
(77:35 / Allies) TOWERZ: 5k here
(77:56 / Allies) TALONSAREIMBA: mine wood